 Dungeon Crawl Stone Soup version 0.30.1-4-g462c640d31 (webtiles) character file.

Game seed: 11790498215684069686

353696 safid the Cryomancer (level 22, -1/143 (190) HPs)
             Began as a Merfolk Ice Elementalist on Sept 5, 2023.
             Was the Champion of Vehumet.
             Killed by the scythe of Curses (21 damage)
             ... on level 2 of the Depths on Sept 6, 2023.
             The game lasted 02:46:32 (55908 turns).

safid the Cryomancer (Merfolk Ice Elementalist)    Turns: 55908, Time: 02:46:33

HP:   -1/143 (190)  AC: 30    Str:  1 (6)  XL:     22   Next: 28%
MP:   29/38         EV: 20    Int: 29      God:    Vehumet [******]
Gold: 3456          SH: 16    Dex: 20      Spells: 12/45 levels left

rFire   + + +        T - +9 demon trident (elec)
rCold   + + .        d - +3 kite shield {AC+3}
rNeg    . . .        I - +2 robe {rC+ rF+}
rPois   .            o - +2 helmet
rElec   +            V - +2 cloak {Will+}
rCorr   .            W - +1 pair of gloves "Qyaler" {Int+3}
SInv    +            w - +1 pair of boots of Zoekk {rF++}
Will    +++..        N - amulet "Wac Dimaloe" {+Blink Will+ Regen+ Int+3}
Stlth   ++           C - ring "Wuskeops" {rElec rC+ Str-2 Dex+3}
HPRegen 1.23/turn    O - ring of see invisible
MPRegen 0.26/turn

%: no passive effects
@: ice-armoured, doom-hounded, freezing walls, very slightly contaminated,
slowed, heavily drained, very slow
A: (nimble swimmer 2), mertail
}: 2/15 runes: decaying, serpentine
a: Renounce Religion, Evoke Blink


You were on level 2 of the Depths.
You worshipped Vehumet.
Vehumet was exalted by your worship.
You visited 8 branches of the dungeon, and saw 39 of its levels.
You also visited: Bailey and Desolation.

You collected 6503 gold pieces.
You spent 3047 gold pieces at shops.

Inventory:

Hand Weapons
 T - a +9 demon trident of electrocution (weapon)
Missiles
 u - 10 curare-tipped darts (quivered)
 E - 3 throwing nets
Armour
 d - a +3 kite shield of protection (worn)
 o - a +2 helmet (worn)
 w - the +1 pair of boots of Zoekk (worn) {rF++}
   (You found it in the Desolation of Salt)

   rF:        It greatly protects you from fire.
 I - a +2 robe of resistance (worn)
 V - a +2 cloak of willpower (worn)
 W - the +1 pair of gloves "Qyaler" (worn) {Int+3}
   (You acquired it on level 1 of the Elven Halls)

   Int:       It affects your intelligence (+3).
Jewellery
 j - the ring "Fyihya" {rF+ rCorr}
   (You bought it in a shop on level 2 of the Orcish Mines)

   [ring of resist corrosion]

   rF:        It protects you from fire.
   rCorr:     It protects you from acid and corrosion.
 C - the ring "Wuskeops" (left hand) {rElec rC+ Str-2 Dex+3}
   (You took it off a ragged hierophant in the Desolation of Salt)

   [ring of protection from cold]

   Str:       It affects your strength (-2).
   Dex:       It affects your dexterity (+3).
   rC:        It protects you from cold.
   rElec:     It insulates you from electricity.
 N - the amulet "Wac Dimaloe" (around neck) {+Blink Will+ Regen+ Int+3}
   (You found it in the Desolation of Salt)

   [amulet of regeneration]

   Int:       It affects your intelligence (+3).
   +Blink:    It lets you blink.
   Regen:     It increases your rate of health regeneration.
   Will:      It increases your willpower.
 O - a ring of see invisible (right hand)
 P - the ring "Juah" {rPois Int+2 Dex+6}
   (You acquired it on level 5 of the Lair of Beasts)

   [ring of dexterity]

   Int:       It affects your intelligence (+2).
   Dex:       It affects your dexterity (+6).
   rPois:     It protects you from poison.
 Y - a ring of positive energy
Wands
 g - a wand of digging (5)
 i - a wand of paralysis (48)
 m - a wand of acid (3)
 s - a wand of polymorph (22)
 J - a wand of mindburst (9)
 R - a wand of iceblast (16)
Scrolls
 k - a scroll of brand weapon
 l - 3 scrolls of butterflies
 n - 2 scrolls of silence
 p - 2 scrolls of magic mapping
 v - 9 scrolls of teleportation
 x - 8 scrolls of fear
 B - 7 scrolls of fog
 L - a scroll of blinking
Potions
 b - 2 potions of magic
 c - 9 potions of cancellation
 f - 6 potions of invisibility
 h - 2 potions of flight
 q - 7 potions of curing
 r - a potion of heal wounds
 t - 7 potions of brilliance
 z - a potion of might
 A - 5 potions of mutation
 D - 2 potions of haste
 G - 3 potions of resistance
 H - 6 potions of lignification
 Q - 9 potions of ambrosia
Miscellaneous
 a - a tin of tremorstones (2/2)
 e - a lightning rod (4/4)
 U - a box of beasts
 X - a phial of floods


   Skills:
 - Level 20.0 Fighting
 - Level 14.0 Polearms
 - Level 16.0 Dodging
 - Level 2.1 Stealth
 - Level 12.0 Shields
 - Level 12.0 Spellcasting
 - Level 4.0 Conjurations
 - Level 6.0 Translocations
 + Level 25.6 Ice Magic
 - Level 4.0 Air Magic
 - Level 8.0 Evocations


You had 12 spell levels left.
You knew the following spells:

 Your Spells              Type           Power      Damage    Failure   Level
a - Freeze                Ice            100%       1d10      0%          1
b - Frozen Ramparts       Ice            100%       1d16      0%          3
c - Ozocubu's Armour      Ice            100%       N/A       0%          3
d - Hailstorm             Conj/Ice       80%        3d16      1%          3
e - Ozocubu's Refrigerat  Ice            52%        4d19      1%          7
f - Blink                 Tloc           100%       N/A       4%          2
g - Freezing Cloud        Conj/Ice/Air   35%        6-21      2%          5
h - Polar Vortex          Ice            52%        N/A       24%         9

Your spell library contained the following spells:

 Spells                   Type           Power      Damage    Failure   Level
 Chain Lightning          Conj/Air       20%        3d26      100%        9
 Shatter                  Erth           8%         3d10*     100%        9
 Shock                    Conj/Air       100%       1d9       1%          1
 Ensorcelled Hibernation  Hex/Ice        100%       N/A       1%          2
 Momentum Strike          Conj/Tloc      92%        3d10      1%          2
 Ice Form                 Ice/Tmut       75%        N/A       1%          4
 Summon Ice Beast         Ice/Summ       75%        N/A       1%          4
 Apportation              Tloc           100%       N/A       2%          1
 Searing Ray              Conj           80%        2d7       2%          2
 Foxfire                  Conj/Fire      100%       2x1d9     4%          1
 Kiss of Death            Conj/Necr      100%       2d13      4%          1
 Lesser Beckoning         Tloc           100%       N/A       4%          2
 Metabolic Englaciation   Hex/Ice        37%        N/A       4%          5
 Sandblast                Erth           34%        2d9       9%          1
 Gell's Gravitas          Tloc           51%        N/A       9%          3
 Teleport Other           Tloc           51%        N/A       9%          3
 Dazzling Flash           Conj/Hex       58%        N/A       12%         3
 Stone Arrow              Conj/Erth      58%        3d10      12%         3
 Scorch                   Fire           34%        2d6       13%         2
 Swiftness                Air            40%        N/A       19%         3
 Ignite Poison            Fire/Tmut/Pois 17%        N/A       24%         3
 Simulacrum               Ice/Necr       37%        N/A       26%         6
 Manifold Assault         Tloc           51%        N/A       28%         4
 Cigotuvi's Dreadful Rot  Necr/Pois/Air  50%        N/A       30%         2
 Beastly Appendage        Tmut           34%        N/A       32%         1
 Summon Small Mammal      Summ           68%        N/A       32%         1
 Flame Wave               Conj/Fire      29%        2d9       34%         4
 Sticky Flame             Conj/Fire      29%        2d5       34%         4
 Passwall                 Tmut/Erth      14%        N/A       45%         2
 Sublimation of Blood     Necr           17%        N/A       45%         2
 Wereblood                Tmut           17%        N/A       45%         2
 Spider Form              Tmut/Pois      17%        N/A       69%         3
 Summon Guardian Golem    Hex/Summ       17%        N/A       69%         3
 Summon Lightning Spire   Summ/Air       29%        N/A       82%         4
 Animate Armour           Summ/Erth      34%        N/A       97%         4
 Animate Dead             Necr           17%        N/A       97%         4
 Silence                  Hex/Air        14%        N/A       99%         5
 Agony                    Necr           17%        N/A       100%        5
 Borgnjor's Vile Clutch   Necr/Erth      8%         N/A       100%        5
 Death Channel            Necr           8%         N/A       100%        6
 Summon Cactus Giant      Summ           8%         N/A       100%        6
 Orb of Destruction       Conj           20%        9d8       100%        7
 Spellforged Servitor     Conj/Summ      14%        N/A       100%        7
 Storm Form               Tmut/Air       14%        N/A       100%        7
 Disjunction              Tloc           25%        N/A       100%        8
 Ignition                 Fire           8%         3d5       100%        8
 Lehudib's Crystal Spear  Conj/Erth      14%        10d5      100%        8
 Maxwell's Capacitive Co  Air            20%        ∞         100%        8
 Fire Storm               Conj/Fire      14%        8d4       100%        9


Dungeon Overview and Level Annotations

Branches:
Dungeon (15/15)            Temple (0/1) D:7            Lair (5/5) D:11
  Swamp (4/4) Lair:3        Snake (4/4) Lair:3        Slime (0/5) Lair:5
    Orc (2/2) D:9             Elf (3/3) Orc:2        Vaults (4/5) D:14
  Crypt (0/3) Vaults:3     Depths (2/4) D:15         Bailey (visited)
Desolation (visited)

Altars:
Cheibriados
Dithmenos
Elyvilon
Kikubaaqudgha
Nemelex Xobeh
Ru
Uskayaw
Vehumet
Wu Jian
Xom
Zin
Jiyva

Shops:
D:9 *   Orc:2 =?[?   Elf:1 =   Snake:3 (?:(   Vaults:1 [   Vaults:4 *

Portals:
Hell: Depths:1
Pandemonium: Depths:1 Depths:2

Annotations:
Lair:1 exclusion: oklob plant
Lair:3 exclusion: oklob plant
Elf:2 3 runed translucent doors
Vaults:2 3 runed translucent doors, Esekla's ghost, adept DENe
Depths:1 Boris
Depths:2 Grunn


Innate Abilities, Weirdness & Mutations

((You are very nimble when in or above water. (Stealth+, EV+, Speed+++)))
Your lower body shifts to a powerful aquatic tail in water.


Message History

The wall freezes the putrid mouth but does no damage.
The putrid mouth bites you but does no damage.
The putrid mouth claws you.
The wall freezes Grunn.
Grunn hits you from afar with the +13 scythe of Curses {drain, curses, Drain}!
You feel drained.
Your body is wracked with pain!
* * * LOW HITPOINT WARNING * * *
The wall freezes the Tzitzimitl but does no damage.
The Tzitzimitl completely misses you. You block the Tzitzimitl's attack.
The wall freezes the doom hound but does no damage.
The wall freezes the putrid mouth.
You block the putrid mouth's attack. The putrid mouth closely misses you.
Unknown command.
Unknown command.
Unknown command.
Unknown command.
Unknown command.
Unknown command.
Unknown command.
Casting: Ozocubu's Armour (safe; 0% risk of failure)
Confirm with . or Enter, or press ? or * to list all spells.
The spell is quite dangerous to miscast (24% risk of failure)!
Continue anyway?
Okay, then.
Unknown command.
Unknown command.
Unknown command.
Casting: Polar Vortex (quite dangerous; 24% risk of failure)
Confirm with . or Enter, or press ? or * to list all spells.
The spell is quite dangerous to miscast (24% risk of failure)!
Continue anyway?
You miscast Polar Vortex.
You are very lightly contaminated with residual magic.
You are encased in ice!
You resist.
* * * LOW HITPOINT WARNING * * *
The wall freezes the doom hound!
The wall freezes Grunn but does no damage.
Grunn hits you from afar with the +13 scythe of Curses {drain, curses, Drain}!
* * * LOW HITPOINT WARNING * * *
You feel drained.
* * * LOW HITPOINT WARNING * * *
Pain shoots through your body!!
You die...

#..........#
#........^.#
#..........#####
####...........#
#^####......#
#.# #......#
#......#
#......#####h#
#......W@Dghh#
#......1######
###..#### #..##
..># ####


You could see Grunn, a bone dragon, 3 doom hounds, a Tzitzimitl and a putrid
mouth.

Vanquished Creatures
  Boris (twice) (Vaults:3 Depths:1)
  Vashnia (Snake:2)
  Nikola (Snake:1)
  A tentacled monstrosity (Swamp:1)
  A lich (Vaults:2)
  A quicksilver dragon (Snake:4)
  Frances (Snake:2)
  4 sphinxes
  Agnes (Elf:1)
  A fenstrider witch (Swamp:1)
  2 tengu reavers
  A revenant (Vaults:3)
  4 nagarajas
  2 fire giants (Depths:1)
  Aizul (Elf:1)
  An emperor scorpion (D:15)
  4 frost giants
  Louise (Elf:1)
  13 vault wardens
  3 orc warlords (Vaults:3)
  11 very ugly things
  10 ironbound preservers
  A ghoul (Swamp:2)
  2 deep elf elementalists
  2 war gargoyles
  The ghost of Hulashix the Severer, a journeyman MiBe of Trog (Elf:1)
  5 ironbound thunderhulks
  A stone giant (Depths:1)
  2 deep elf demonologists
  2 eleionomae
  2 vampire knights
  4 dire elephants (Vaults:2)
  A bunyip (Swamp:2)
  3 deep elf death magi (Elf:1)
  Snorg (D:13)
  5 crystal guardians (Desolation)
  An ettin (Vaults:4)
  14 yaktaur captains
  Josephine (Lair:4)
  3 jiangshi
  8 fire dragons
  2 entropy weavers (Vaults:2)
  8 ragged hierophants (Desolation)
  9 great orbs of eyes
  3 servants of whispers (Desolation)
  Erolcha (D:13)
  14 vault guards
  2 ogre magi (Orc:2)
  12 peacekeepers
  A hell beast (Depths:1)
  16 hydras
  2 ghost crabs
  2 ice dragons (Depths:1)
  A spriggan air mage (Depths:1)
  8 ironbound frosthearts
  A rakshasa (Depths:1)
  7 two-headed ogres
  A death knight (D:15)
  9 anacondas
  7 naga warriors
  21 dancing weapons
  8 alligators
  19 centaur warriors
  2 boulder beetles
  5 death yaks (Lair:5)
  2 vampire magi
  A deep troll earth mage (Depths:2)
  3 deep troll shamans (Depths:2)
  7 shock serpents
  3 tengu warriors
  3 spriggan berserkers
  Nergalle (Orc:1)
  19 naga sharpshooters
  Urug (D:13)
  3 hell knights (Depths:1)
  4 soul eaters (Depths:1)
  A spectral catoblepas (Lair:3)
  Sonja (Lair:5)
  A skyshark (Lair:5)
  5 sun demons (Depths:1)
  9 deep elf knights
  6 goliath frogs
  3 salamander mystics
  2 spriggan druids (Swamp:2)
  34 deep trolls
  6 swamp dragons
  9 deep elf archers
  2 glowing orange brains
  22 deep elf pyromancers
  2 phantasmal warriors
  5 wizards
  4 naga ritualists
  8 bog bodies
  A lindwurm (shapeshifter) (Vaults:1)
  5 lindwurms
  20 ironbound convokers
  13 orc knights
  4 necromancers
  10 mana vipers
  5 harpies
  A manticore (D:12)
  20 deep elf zephyrmancers
  8 orc sorcerers (Orc:2)
  7 salamanders
  A frost giant zombie (Vaults:4)
  21 ugly things
  2 will-o-the-wisps
  A wolf spider (shapeshifter) (D:15)
  6 cyclopes
  33 black mambas
  A human skeleton (Vaults:4)
  A molten gargoyle (Desolation)
  12 guardian serpents
  16 elephants
  18 vault sentinels
  A gargoyle (D:14)
  2 smoke demons (Depths:1)
  12 naga magi
  6 cane toads
  3 efreet
  3 rime drakes
  Psyche (D:11)
  An unseen horror (D:11)
  24 yaktaurs
  3 tengu conjurers (D:14)
  8 komodo dragons
  A tormentor (Depths:2)
  A yaktaur skeleton (Vaults:4)
  9 trolls
  A queen bee (D:14)
  A freezing wraith (Vaults:1)
  3 meliai (D:14)
  A hellwing (Depths:2)
  A tarantella (shapeshifter) (Elf:2)
  11 hornets
  5 tyrant leeches
  A tarantella (Vaults:2)
  4 bloated husks
  A spectral lindwurm (Lair:3)
  58 saltlings
  A spectral elephant (Lair:3)
  24 blink frogs
  An air elemental (Elf:1)
  3 shadows
  A spectral black mamba (Lair:3)
  6 wraiths
  38 slime creatures
  A water elemental (Elf:2)
  11 spriggans
  4 wyverns
  A vampire (D:9)
  27 yaks
  3 fire bats (Swamp:4)
  2 humans
  3 basilisks
  3 fire elementals
  9 vampire mosquitoes
  4 steam dragons
  A yaktaur simulacrum (Vaults:4)
  4 wargs
  3 redbacks (Vaults:2)
  An ogre zombie (Vaults:4)
  29 nagas
  An acid dragon (D:13)
  11 swamp worms
  A glowing shapeshifter zombie (Depths:2)
  Duvessa (D:7)
  13 water moccasins
  9 swamp drakes
  A black bear (D:5)
  An ice beast (D:7)
  12 orc warriors
  3 sky beasts
  7 ogres
  11 wolves
  4 centaurs
  4 kobold brigands
  12 bullfrogs
  Blork the orc (D:4)
  2 necrophages (Swamp:2)
  2 elf zombies (Elf:1)
  4 earth elementals
  2 gnoll sergeants
  4 scorpions
  Dowan (D:7)
  35 killer bees
  5 electric eels
  6 howler monkeys
  6 hounds
  3 jellies
  2 gnoll boudas
  15 orc priests
  3 sleepcaps
  6 iguanas
  30 orc wizards
  An adder (D:2)
  23 gnolls
  2 white imps
  An ufetubus (D:5)
  A worm (D:2)
  A dart slug (D:1)
  73 orcs
  14 ball pythons
  5 bats
  9 endoplasms
  4 giant cockroaches
  5 goblins
  2 hobgoblins
  5 quokkas
  3 frilled lizards
  15 kobolds
  5 rats
1389 creatures vanquished.

Vanquished Creatures (others)
  A quicksilver dragon (Snake:4)
  An angel (D:7)
  A hydra (Swamp:4)
  A wizard (D:15)
  2 lindwurms (Swamp:4)
  An ugly thing (Depths:2)
  A saltling (Desolation)
  A blink frog (Lair:5)
  A steam dragon (Swamp:4)
  A vampire (D:13)
  2 swamp drakes (Swamp:4)
  2 orc wizards (Orc:2)
  6 foxfires (Swamp:2)
21 creatures vanquished.

Grand Total: 1410 creatures vanquished

Notes
Turn   | Place    | Note
-------+----------+-------------------------------------------
     0 | D:1      | safid the Merfolk Ice Elementalist began the quest for the
                  | Orb.
     0 | D:1      | Reached XP level 1. HP: 13/13 MP: 3/3
   164 | D:1      | Reached XP level 2. HP: 16/20 MP: 1/5
   217 | D:1      | Reached skill level 1 in Fighting
   666 | D:1      | Reached XP level 3. HP: 26/26 MP: 4/6
   670 | D:1      | Learned a level 3 spell: Frozen Ramparts
  1283 | D:2      | Found a faded altar of an unknown god.
  1333 | D:2      | Found a shimmering altar of Xom.
  1794 | D:2      | Reached skill level 5 in Ice Magic
  1794 | D:2      | Reached XP level 4. HP: 32/33 MP: 8/8
  1814 | D:2      | Learned a level 3 spell: Ozocubu's Armour
  1991 | D:3      | Found a radiant altar of Vehumet.
  2041 | D:3      | Became a worshipper of Vehumet
  2218 | D:3      | Found a white marble altar of Elyvilon.
  2219 | D:3      | Found a hide-covered altar of Uskayaw.
  2219 | D:3      | Found a snail-covered altar of Cheibriados.
  2221 | D:3      | Found an ornate altar of the Wu Jian Council.
  2905 | D:4      | Reached XP level 5. HP: 27/39 MP: 2/9
  2912 | D:4      | Learned a level 3 spell: Hailstorm
  2978 | D:4      | Identified the +9 hand axe of the Sneaky Geomancers
                  | {freeze, Str+5}
  3212 | D:4      | Got Usoo's Atlas of Ozone
  3243 | D:4      | Noticed Blork the orc
  3248 | D:4      | Killed Blork the orc
  3249 | D:4      | Reached skill level 1 in Shields
  3249 | D:4      | Reached XP level 6. HP: 27/47 MP: 3/11
  3344 | D:4      | Found an ancient bone altar of Kikubaaqudgha.
  3947 | D:5      | Entered Level 5 of the Dungeon
  4051 | D:5      | Noticed a black bear
  4056 | D:5      | Killed a black bear
  4057 | D:5      | Reached XP level 7. HP: 53/53 MP: 5/12
  4059 | D:5      | Reached skill level 6 in Ice Magic
  4496 | D:5      | Reached * piety under Vehumet
  4496 | D:5      | Offered knowledge of Kiss of Death by Vehumet.
  4777 | D:6      | Reached skill level 5 in Dodging
  4777 | D:6      | Reached XP level 8. HP: 61/61 MP: 7/14
  4972 | D:6      | Reached skill level 5 in Fighting
  5526 | D:6      | Reached skill level 5 in Spellcasting
  5526 | D:6      | Reached skill level 7 in Ice Magic
  5597 | D:6      | Offered knowledge of Static Discharge by Vehumet.
  5717 | D:6      | Reached ** piety under Vehumet
  6099 | D:7      | Noticed a wyvern
  6168 | D:7      | Found a staircase to the Ecumenical Temple.
  6191 | D:7      | Noticed Dowan
  6206 | D:7      | Killed Dowan
  6207 | D:7      | Noticed Duvessa
  6226 | D:7      | Reached XP level 9. HP: 61/69 MP: 10/16
  6229 | D:7      | Killed Duvessa
  6462 | D:7      | Reached skill level 8 in Ice Magic
  6988 | D:7      | Found a glowing silver altar of Zin.
  6988 | D:7      | Found a shimmering altar of Xom.
  6989 | D:7      | Noticed an angel
  7003 | D:7      | Reached XP level 10. HP: 68/79 MP: 16/19
  7451 | D:7      | Killed an angel
  7915 | D:8      | Noticed a two-headed ogre
  7925 | D:8      | Killed a two-headed ogre
  7925 | D:8      | Offered knowledge of Scorch by Vehumet.
  7926 | D:8      | Reached skill level 9 in Ice Magic
  7932 | D:8      | Learned a level 5 spell: Freezing Cloud
  7935 | D:8      | Learned a level 2 spell: Blink
  8131 | D:8      | Identified the +5 lajatang "Qoll" {flame, rN+ Dex+5}
  8683 | D:9      | Found Arrod's Assorted Antiques.
  8706 | D:9      | Reached *** piety under Vehumet
  8712 | D:9      | Noticed a two-headed ogre
  8719 | D:9      | Killed a two-headed ogre
  8720 | D:9      | Reached skill level 1 in Conjurations
  8720 | D:9      | Reached skill level 1 in Translocations
  8720 | D:9      | Reached skill level 1 in Air Magic
  8773 | D:9      | Found a flagged portal.
  8790 | Bailey   | Entered a bailey
  8998 | Bailey   | Noticed an orc knight
  9027 | Bailey   | Killed an orc knight
  9161 | Bailey   | Offered knowledge of Volatile Blastmotes by Vehumet.
  9344 | D:9      | Noticed a two-headed ogre
  9353 | D:9      | Killed a two-headed ogre
  9354 | D:9      | Reached XP level 11. HP: 45/87 MP: 22/22
  9408 | D:9      | Identified the +1 dagger of Woe {elec, Will+ rCorr Int+3}
  9592 | D:9      | Found a staircase to the Orcish Mines.
  9606 | D:9      | Reached **** piety under Vehumet
  9652 | D:9      | Reached skill level 10 in Ice Magic
 10068 | D:10     | Entered Level 10 of the Dungeon
 10457 | D:10     | Offered knowledge of Fulminant Prism by Vehumet.
 10767 | D:10     | Noticed a two-headed ogre
 10784 | D:10     | Killed a two-headed ogre
 11022 | D:11     | Noticed a two-headed ogre
 11029 | D:11     | Killed a two-headed ogre
 11208 | D:11     | Noticed a boulder beetle
 11220 | D:11     | Killed a boulder beetle
 11221 | D:11     | Reached skill level 10 in Dodging
 11362 | D:11     | Reached XP level 12. HP: 76/96 MP: 18/24
 11610 | D:11     | Noticed Psyche
 11621 | D:11     | Killed Psyche
 11705 | D:11     | Noticed a two-headed ogre
 11782 | D:11     | Killed a two-headed ogre
 11854 | D:11     | Found a staircase to the Lair.
 12142 | Lair:1   | Entered Level 1 of the Lair of Beasts
 12152 | Lair:1   | Reached skill level 10 in Fighting
 12298 | Lair:1   | Reached skill level 11 in Ice Magic
 12332 | Lair:1   | Reached ***** piety under Vehumet
 12354 | Lair:1   | Offered knowledge of Sticky Flame by Vehumet.
 12731 | Lair:1   | Reached skill level 5 in Translocations
 13883 | Lair:3   | Found a snail-covered altar of Cheibriados.
 13952 | Lair:3   | Reached XP level 13. HP: 92/106 MP: 19/25
 13957 | Lair:3   | Reached skill level 12 in Ice Magic
 14063 | Lair:3   | You fall into a shaft and drop 2 floors!
 14063 | Lair:5   | Entered Level 5 of the Lair of Beasts
 14189 | Lair:4   | Got Dosefufymic's Almanac of Quantum Battling
 14216 | Lair:3   | Found a staircase to the Snake Pit.
 14558 | Lair:3   | Found an ancient bone altar of Kikubaaqudgha.
 14721 | Lair:3   | Found a staircase to the Swamp.
 14949 | Lair:3   | Reached skill level 13 in Ice Magic
 15374 | Lair:4   | Identified a scroll of acquirement
 15375 | Lair:4   | Acquired the amulet "Kianaur" {Spirit rElec rC+ Str+2
                  | Int+3}
 15683 | Lair:4   | Noticed Josephine
 15698 | Lair:4   | Killed Josephine
 15719 | Lair:4   | Reached skill level 14 in Ice Magic
 16559 | Lair:4   | Offered knowledge of Flame Wave by Vehumet.
 16748 | Lair:5   | Reached skill level 15 in Ice Magic
 16867 | Lair:5   | Reached XP level 14. HP: 58/115 MP: 17/26
 17125 | Lair:5   | Noticed Sonja
 17163 | Lair:5   | Killed Sonja
 17221 | Lair:5   | Found a viscous altar of Jiyva.
 17221 | Lair:5   | Found a staircase to the Slime Pits.
 17388 | Lair:5   | Reached skill level 16 in Ice Magic
 17447 | Lair:5   | Acquired the ring "Juah" {rPois Int+2 Dex+6}
 18057 | Lair:5   | Noticed a dire elephant
 18057 | Lair:5   | Noticed a dire elephant
 18057 | Lair:5   | Noticed a dire elephant
 18200 | Orc:1    | Entered Level 1 of the Orcish Mines
 18379 | Orc:1    | Noticed Nergalle
 18397 | Orc:1    | Killed Nergalle
 18591 | Orc:2    | Entered Level 2 of the Orcish Mines
 18945 | Orc:2    | Found a staircase to the Elven Halls.
 19087 | Orc:2    | Found Ytrip's Magic Scroll Shoppe.
 19094 | Orc:2    | Bought a scroll of fear for 48 gold pieces
 19094 | Orc:2    | Bought a scroll of identify for 24 gold pieces
 19094 | Orc:2    | Bought a scroll of identify for 24 gold pieces
 19094 | Orc:2    | Bought a scroll of fear for 48 gold pieces
 19097 | Orc:2    | Paralysed by an orc sorcerer for 5 turns
 19208 | Orc:2    | Found an ancient bone altar of Kikubaaqudgha.
 19241 | Orc:2    | Found Jozxemus's Magic Scroll Shoppe.
 19250 | Orc:2    | Bought a scroll of blinking for 82 gold pieces
 19252 | Orc:2    | Found a radiant altar of Vehumet.
 19655 | Orc:2    | Offered knowledge of Yara's Violent Unravelling by Vehumet.
 19931 | Orc:2    | Found Ezoyre's Jewellery Shoppe.
 19949 | Orc:2    | Found Iguludal's Antique Armour Emporium.
 19999 | Orc:2    | Bought a scroll of acquirement for 572 gold pieces
 19999 | Orc:2    | Bought a scroll of identify for 22 gold pieces
 19999 | Orc:2    | Bought a scroll of identify for 22 gold pieces
 19999 | Orc:2    | Bought a scroll of identify for 22 gold pieces
 20005 | Orc:2    | Acquired 775 gold pieces
 20023 | Orc:2    | Bought the ring "Fyihya" {rF+ rCorr} for 544 gold pieces
 20035 | Orc:2    | Bought an embroidered cloak for 195 gold pieces
 21121 | D:13     | Noticed Urug
 21139 | D:13     | Killed Urug
 21276 | D:13     | Noticed Snorg
 21286 | D:13     | Killed Snorg
 21567 | D:13     | Acquired 976 gold pieces
 21674 | D:13     | Reached skill level 17 in Ice Magic
 21809 | D:13     | Noticed Erolcha
 21817 | D:13     | Killed Erolcha
 22114 | D:14     | Reached XP level 15. HP: 49/124 MP: 17/27
 23090 | D:14     | Found a gate to the Vaults.
 23127 | D:14     | Identified the +2 spear of Success {spect, Int+3}
 23146 | D:14     | Found a white marble altar of Elyvilon.
 23510 | D:15     | Entered Level 15 of the Dungeon
 24174 | D:15     | Reached skill level 15 in Dodging
 24180 | D:15     | Offered knowledge of Ozocubu's Refrigeration by Vehumet.
 24197 | D:14     | Learned a level 7 spell: Ozocubu's Refrigeration
 24686 | D:15     | Noticed an emperor scorpion
 24709 | D:15     | Killed an emperor scorpion
 24807 | D:15     | Found a staircase to the Depths.
 25042 | D:15     | Acquired a +5 demon trident of electrocution
 25262 | D:15     | Reached skill level 1 in Polearms
 25572 | Swamp:1  | Entered Level 1 of the Swamp
 25815 | Orc:2    | Bought a scroll of enchant weapon for 82 gold pieces
 27035 | Swamp:1  | Reached skill level 18 in Ice Magic
 27148 | Swamp:1  | Paralysed by a hornet for 3 turns
 27393 | Swamp:1  | Noticed a fenstrider witch
 27402 | Swamp:1  | Killed a fenstrider witch
 27759 | Swamp:1  | Reached skill level 5 in Polearms
 27855 | Swamp:1  | Noticed a tentacled monstrosity
 27893 | Swamp:1  | Killed a tentacled monstrosity
 27894 | Swamp:1  | Reached XP level 16. HP: 58/134 MP: 15/28
 28451 | Swamp:2  | Reached skill level 5 in Shields
 28478 | Swamp:2  | Reached skill level 15 in Fighting
 28624 | Swamp:2  | Identified the +0 scale mail "Puwej" {Will+ Stlth+}
 29039 | Swamp:2  | Offered knowledge of Plasma Beam by Vehumet.
 29249 | Swamp:2  | Found a sacrificial altar of Ru.
 30415 | Swamp:3  | Reached skill level 10 in Polearms
 30551 | Swamp:3  | Acquired 437 gold pieces
 30731 | Swamp:4  | Entered Level 4 of the Swamp
 30872 | Swamp:4  | Identified the +0 robe of Light {rF+++}
 32116 | Swamp:4  | Got a decaying rune of Zot
 32488 | Snake:1  | Entered Level 1 of the Snake Pit
 32782 | Snake:1  | Reached XP level 17. HP: 142/142 MP: 8/29
 32908 | Snake:1  | Noticed Nikola
 32923 | Snake:1  | Killed Nikola
 32928 | Snake:1  | Offered knowledge of Arcjolt by Vehumet.
 34265 | Snake:2  | Noticed Frances
 34281 | Snake:2  | Killed Frances
 34539 | Snake:2  | Noticed Vashnia
 34573 | Snake:2  | Killed Vashnia
 35551 | Snake:3  | Found Nouxisin's Antique Weapon Boutique.
 35556 | Snake:3  | Found Dauj's Book Boutique.
 35556 | Snake:3  | Found Biolluis's Magic Scroll Boutique.
 35557 | Snake:3  | Found Jekhyo's Antique Weapon Boutique.
 35576 | Snake:3  | Bought a scroll of enchant weapon for 105 gold pieces
 36005 | Snake:4  | Entered Level 4 of the Snake Pit
 36020 | Snake:4  | Reached skill level 19 in Ice Magic
 36916 | Snake:4  | Reached XP level 18. HP: 142/153 MP: 24/30
 36940 | Snake:4  | Reached skill level 10 in Shields
 37043 | Snake:4  | Noticed a quicksilver dragon
 37044 | Snake:4  | Noticed a quicksilver dragon
 37060 | Snake:4  | Killed a quicksilver dragon
 37294 | Snake:4  | Killed a quicksilver dragon
 37413 | Snake:4  | Got a serpentine rune of Zot
 37962 | Elf:1    | Entered Level 1 of the Elven Halls
 38103 | Elf:1    | Noticed Aizul
 38121 | Elf:1    | Killed Aizul
 38403 | Elf:1    | Noticed Louise
 38419 | Elf:1    | Killed Louise
 38579 | Elf:1    | Got the Textbook on Last Rites
 39098 | Elf:1    | Noticed Agnes
 39109 | Elf:1    | Killed Agnes
 39323 | Elf:1    | Found a runed translucent door.
 39323 | Elf:1    | Found a shimmering altar of Xom.
 39323 | Elf:1    | Noticed Hulashix's ghost (journeyman MiBe)
 39323 | Elf:1    | Identified the +7 glaive "Pouzxapa" {chaos, Fly rCorr}
 39593 | Elf:1    | Found Fiwnang's Jewellery Emporium.
 39815 | Elf:1    | HP: 6/154 [+6 halberd of protection (20)]
 40724 | Elf:1    | Killed Hulashix's ghost
 40876 | Elf:1    | Acquired the +1 pair of gloves "Qyaler" {Int+3}
 40897 | Elf:2    | Offered knowledge of Maxwell's Capacitive Coupling by
                  | Vehumet.
 40899 | Elf:2    | Noticed a Brimstone Fiend
 41247 | D:9      | Bought a potion of curing for 111 gold pieces
 41247 | D:9      | Bought a potion of invisibility for 296 gold pieces
 41247 | D:9      | Bought 2 potions of heal wounds for 370 gold pieces
 42039 | Elf:2    | Reached skill level 20 in Ice Magic
 42039 | Elf:2    | Reached XP level 19. HP: 109/157 MP: 20/32
 42400 | Elf:2    | Found a runed translucent gate.
 42400 | Elf:2    | Found a runed translucent gate.
 42407 | Elf:2    | Found a runed translucent gate.
 42494 | Elf:3    | Entered Level 3 of the Elven Halls
 42722 | Vaults:1 | Entered Level 1 of the Vaults
 42731 | D:14     | Reached skill level 10 in Spellcasting
 43063 | Vaults:1 | Found a crumbling gateway.
 43107 | Desolati | Entered the Desolation of Salt
 43436 | Desolati | Reached ****** piety under Vehumet
 43509 | Desolati | Offered knowledge of Shatter by Vehumet.
 43509 | Desolati | Offered knowledge of Chain Lightning by Vehumet.
 43509 | Desolati | Offered knowledge of Polar Vortex by Vehumet.
 43615 | Desolati | Learned a level 9 spell: Polar Vortex
 43717 | Desolati | Identified the +2 steam dragon scales of Gefoweqy {Int+5
                  | Stlth-}
 43717 | Desolati | Identified the ring "Eguguete" {rPois Str+5}
 44016 | Desolati | Identified the ring "Wuskeops" {rElec rC+ Str-2 Dex+3}
 44165 | Desolati | Reached skill level 21 in Ice Magic
 44301 | Desolati | Got the Textbook on the Molten Evil Eye
 44304 | Desolati | Got the Book of the Many Heavens
 44308 | Desolati | Identified the amulet "Wac Dimaloe" {+Blink Will+ Regen+
                  | Int+3}
 44593 | Desolati | Identified the +1 pair of boots of Zoekk {rF++}
 44980 | Desolati | Identified the ring of the Stallion {rF+++ Will+ EV+5 Int-5
                  | Dex+3}
 44983 | Desolati | Got Aladdil's Guidebook on Transportation and Attendants
 44987 | Desolati | Identified the +1 rapier of the Usurping Gods {heavy, rC+
                  | Will+ Int+2}
 45435 | Vaults:1 | Found Migad's Armour Shop.
 45725 | Vaults:1 | Identified the +6 trident "Mohyefer" {speed, Str-4 Int+6}
 45729 | Vaults:1 | Reached XP level 20. HP: 173/174 MP: 27/34
 46752 | Vaults:1 | Reached skill level 1 in Evocations
 47355 | Vaults:2 | Identified the +9 ring mail "Peoteus" {Will+ Regen+ Dex-5}
 48035 | Vaults:2 | Reached skill level 5 in Evocations
 48278 | Vaults:2 | Reached skill level 22 in Ice Magic
 48644 | Vaults:2 | Found a runed translucent gate.
 48646 | Vaults:2 | Found a runed translucent gate.
 48647 | Vaults:2 | Found a runed translucent gate.
 48649 | Vaults:2 | Noticed Esekla's ghost (adept DENe)
 49145 | Vaults:3 | Identified the +7 war axe "Yhodghig" {elec, Int+5 Dex-4}
 49635 | Vaults:3 | Reached XP level 21. HP: 167/181 MP: 37/37
 50044 | Vaults:3 | Noticed Boris
 50094 | Vaults:3 | Killed Boris
 51026 | Vaults:3 | Found a staircase to the Crypt.
 51334 | Vaults:4 | Found Mefoj's Assorted Antiques.
 51364 | Vaults:4 | Bought a potion of haste for 320 gold pieces
 51364 | Vaults:4 | Bought a scroll labelled ROPNURH ZAHEI for 32 gold pieces
 51364 | Vaults:4 | Bought a scroll of fear for 128 gold pieces
 51503 | Vaults:4 | Reached skill level 23 in Ice Magic
 52584 | Vaults:4 | Reached skill level 24 in Ice Magic
 53014 | Depths:1 | Entered Level 1 of the Depths
 53134 | Depths:1 | Found a shadowy altar of Dithmenos.
 53280 | Depths:1 | Found a gateway to Hell.
 53750 | Depths:1 | Found a one-way gate leading to the halls of Pandemonium.
 53763 | Depths:1 | Found a sparkling altar of Nemelex Xobeh.
 53779 | Depths:1 | Reached XP level 22. HP: 150/190 MP: 11/38
 54139 | Depths:1 | Noticed Boris
 54188 | Depths:1 | Killed Boris
 54429 | Depths:1 | Reached skill level 25 in Ice Magic
 54702 | Depths:1 | HP: 4/190 [something (25)]
 54886 | Depths:2 | Noticed Boris
 55891 | Depths:2 | Noticed Grunn
 55908 | Depths:2 | Killed by the scythe of Curses

Illustrated notes

Levels and vault maps discovered:
D:1:      lightli_arrival_isolated_outpost, layout_basic,
          hangedman_abyss_or_decor_lesser_grid, minmay_indecisive_spiral
D:2:      layout_basic, ebering_ecumenical_altar_mist, basic_altar
D:3:      layout_loops_ring, fiery_altar_vehumet,
          chequers_temple_overflow_statue_of_worship
D:4:      layout_loops_corners, mainiacjoe_overflow_alcove_4,
          kennysheep_generic_room_3, uniq_blork_the_orc
D:5:      layout_rooms, chequers_decorated_corner
D:6:      layout_loops_ring, minivault_1
D:7:      layout_basic, grunt_temple_overflow_order_and_chaos_1,
          minmay_temple_entry_statues, minmay_alternating_orb, uniq_duvessa
D:8:      layout_loops_corners, minivault_14, nicolae_elevator_lobby_plus
D:9:      layout_irregular_city, erik_orc_4, enter_bailey_6, serial_shops,
          nicolae_stop_n_shop_1, minmay_starry_boxes
D:10:     layout_loops_ring
D:11:     layout_cave_pools, erik_lair_island, columned_hall_lemuel,
          nicolae_two_hexagons, minmay_misc_feat_cross,
          kennysheep_generic_room_15, uniq_psyche
D:12:     layout_basic, nicolae_fountain_basement
D:13:     layout_loops_ring, uniq_snorg, uniq_urug, uniq_erolcha
D:14:     layout_loops_ring, grunt_vaults_entry_fortified, special_room
          [special_room_bee], elyvilon_altar_1
D:15:     hangedman_depths_entry_try_elsewhere_first, layout_cave_pools,
          kennysheep_pointless_box, grunt_ministairs_12
Lair:1:   layout_roguey
Lair:2:   layout_gridlike
Lair:3:   layout_loops_ring, nicolae_swamp_entry_spooky,
          minmay_snake_entry_spellcaster, basic_altar, lemuel_oklob_altar
Lair:4:   layout_loops_ring, grunt_forest_small_clearing_treed, uniq_josephine
Lair:5:   due_jungle_book, layout_cave_pods, slime_entry_1, uniq_sonja
Swamp:1:  cheibrodos_swamp_monstrosity, layout_falls_marsh,
          evilmike_swamp_ruin_house_6, swamp_pool3, nicolae_swamp_round_clearing
Swamp:2:  layout_falls_marsh, nicolae_swamp_godswood
Swamp:3:  layout_falls_marsh, evilmike_swamp_ruin_rubble_1
Swamp:4:  swamp_fiery, layout_basic_swamp
Snake:1:  layout_basic, uniq_nikola
Snake:2:  layout_gridlike, nicolae_large_snake_swirl, uniq_vashnia, uniq_frances
Snake:3:  layout_cave_town, minmay_shop_grid_forest
Snake:4:  hellmonk_snake_rune_quicksilver_temple, layout_rooms,
          nicolae_snake_flat_spine, st_stairs_10
Orc:1:    layout_caves, uniq_nergalle
Orc:2:    kennysheep_orc_mage_school, layout_caves, basic_altar,
          nicolae_orc_flooded_monolith
Elf:1:    layout_loops_corners, ebering_ghost_xom, minmay_elf_necromancy,
          minmay_shop_enchanted_jewellery, elves_outpost_lemuel, uniq_aizul,
          uniq_agnes, uniq_louise
Elf:2:    elven_hall_of_blades_hangedman_original [nicolae_blade_little_rooms],
          layout_geoelf_octagon, dk_noncrumbling_3
Elf:3:    grunt_elf_hall_asides, layout_gridlike
Vaults:1: portal_desolation_entry_nicolae_nacl, nicolae_vaults_hexular_roomagon,
          vaults_room_door_hall, nicolae_vaults_double_plus_1,
          nicolae_vaults_diagonal_hallway_6, nicolae_vaults_tetromino_Z_1,
          nicolae_vaults_closet_pinwheel_3, nicolae_vaults_minivaults,
          nicolae_vaults_double_plus_1, nicolae_vaults_two_Ls,
          vaults_dpeg_encased_lava, ontoclasm_vaults_fault,
          layout_vaults_quadrants, serial_shops, nicolae_diamond_shop
Vaults:2: gammafunk_ghost_necromancy, nicolae_vaults_good_morning_starshine,
          v_misc_17, v_misc_5, serial_ice_b, v_misc_30, vaults_room_pool,
          hangedman_vaults_nails, ontoclasm_vaults_shuriken,
          layout_vaults_omnibox
Vaults:3: v_misc_3, v_misc_16, hangedman_vaults_restitches,
          minmay_crypt_entry_simple_plaza, hangedman_vaults_slither,
          nicolae_vaults_closet_pinwheel_4, nicolae_vaults_three_branches,
          v_misc_12, grunt_vaults_hallway_short, grunt_vaults_focal,
          vaults_dpeg_ring, nicolae_vaults_trapezoid_4,
          layout_vaults_chaotic_city, uniq_boris
Vaults:4: nicolae_vaults_rhombus_5, nicolae_vaults_diamond_1,
          hangedman_vaults_corner, nicolae_vaults_security_offices_1,
          ontoclasm_vaults_ring_square, vaults_dpeg_hooks,
          nicolae_vaults_two_Ls, nicolae_vaults_network_s,
          hangedman_vaults_restitches, nicolae_vaults_door_testing_chamber,
          nicolae_vaults_offset_grid_hallway_4, nicolae_vaults_rhombus_5,
          nicolae_vaults_little_squares_6, nicolae_vaults_trapezoid_2,
          vaults_mumra_minichess_inversion, v_misc_14, layout_vaults_omnicross,
          serial_shops, shop
Depths:1: layout_honeycomb, pan_entry, lemuel_crystal_altar, hellmouth_3,
          moated_statue, grunt_dithmenos_smoke
Depths:2: minmay_roctagon, layout_basic, serial_shops, shop,
          rand_demon_pan_entry_3, grunt_decor_one_mirror, hell_entry,
          guppyfry_shop_venom, uniq_grunn

Skill      XL: |  1  2  3  4  5  6  7  8  9 10 11 12 13 14 15 16 17 18 19 20 21 22 |
---------------+-------------------------------------------------------------------+-----
Fighting       | 1 2 3 4 5 7 8 9 11 12 13 14 15 16 17 19 20 | 20.0
Ice Magic      | 5 6 7 8 9 10 11 15 17 18 19 20 21 22 24 25 | 25.6
Spellcasting   | 3 4 5 6 7 8 9 10 12 | 12.0
Dodging        | 3 5 6 8 10 12 14 15 16 | 16.0
Shields        | 1 2 4 8 9 12 | 12.0
Conjurations   | 2 3 4 |  4.0
Translocations | 2 3 5 6 |  6.0
Air Magic      | 2 3 4 |  4.0
Polearms       | 5 13 14 | 14.0
Evocations     | 7 8 |  8.0
Stealth        | |  2.1

Action                     |  1- 3 |  4- 6 |  7- 9 | 10-12 | 13-15 | 16-18 | 19-21 | 22-24 || total
---------------------------+-------+-------+-------+-------+-------+-------+-------+-------++-------
  Melee: Unarmed           |     5 |       |       |       |       |       |       |       ||     5
         Dagger            |    72 |    42 |       |       |       |       |       |       ||   114
         Hand axe          |       |    33 |   112 |   287 |   620 |       |       |       ||  1052
         Tailslap          |       |       |       |       |     8 |    13 |       |       ||    21
         Demon trident     |       |       |       |       |   113 |   759 |  1919 |   227 ||  3018
  Throw: Throwing net      |       |       |       |     1 |       |       |       |       ||     1
   Cast: Freeze            |    30 |     2 |     7 |    52 |    34 |       |     1 |       ||   126
         Frozen Ramparts   |     1 |     7 |    39 |    63 |   101 |    51 |    99 |    18 ||   379
         Ozocubu's Armour  |       |     5 |    18 |    52 |    94 |    29 |    88 |    17 ||   303
         Hailstorm         |       |       |       |     6 |    54 |       |       |       ||    60
         Ozocubu's Refrige |       |       |       |       |    43 |   209 |    71 |     6 ||   329
         Blink             |       |       |       |       |       |     3 |     2 |     3 ||     8
         Polar Vortex      |       |       |       |       |       |       |       |     1 ||     1
  Evoke: Wand              |       |       |       |       |       |       |     3 |     2 ||     5
    Use: Scroll            |       |       |     6 |    12 |    21 |     7 |     5 |     3 ||    54
         Potion            |       |       |       |     2 |     4 |    11 |     8 |     7 ||    32
   Stab: Sleeping          |     6 |     2 |     1 |     6 |     2 |     8 |     6 |     1 ||    32
         Distracted        |       |       |       |       |     1 |     3 |     3 |     1 ||     8
 Armour: Robe              |    13 |     4 |    17 |    71 |   316 |   148 |   527 |    91 ||  1187
  Dodge: Dodged            |    56 |    45 |    93 |   389 |  1090 |   543 |  1190 |   147 ||  3553
  Block: Buckler           |       |     4 |    27 |   110 |   309 |    74 |       |       ||   524
         Kite shield       |       |       |       |       |       |   270 |  1360 |   197 ||  1827
